 Dungeon Crawl Stone Soup version 0.31-a0-662-g684573625c (webtiles) character file.

Game seed: 119674070323943588

23 subawu the Ruffian (level 2, 0/24 HPs)
             Began as a Draconian Shapeshifter on Aug 31, 2023.
             Slain by Robin
             ... wielding a +0 mace
              (4 damage)
             ... on level 2 of the Dungeon.
             The game lasted 00:04:13 (1040 turns).

subawu the Ruffian (Draconian Shapeshifter)         Turns: 1040, Time: 00:04:14

Health: 0/24       AC:  4    Str: 16    XL:     2   Next: 75%
Magic:  2/2        EV: 12    Int: 10    God:
Gold:   130        SH:  0    Dex: 10    Spells: 1/1 levels left

rFire   . .          .
                       - Unarmed
rCold   . . .        (no shield)
rNeg    . . .        (body armour unavailable)
rPois   .            (helmet currently unavailable)
rElec   .            (cloak currently unavailable)
rCorr   .            (gloves currently unavailable)
SInv    .            (boots currently unavailable)
Will    .....        (no amulet)
Stlth   +            (no ring)
HPRegen 0.24/turn    (no ring)
MPRegen 0.08/turn

%: no passive effects
@: beast-form
A: beast (slay +1), AC +4, unfitting armour, cold-blooded
a: Begin Untransformation


You were on level 2 of the Dungeon.
You were a hulking beast.
You visited 1 branch of the dungeon, and saw 2 of its levels.

You collected 130 gold pieces.

Inventory:

Jewellery
 j - a +4 ring of protection
Talismans
 b - a beast talisman (active)
 c - a flux talisman
Scrolls
 d - a scroll of enchant weapon {unknown}
 e - a scroll of identify {unknown}
 g - a scroll of fog {unknown}
 i - a scroll of blinking {unknown}
 n - a scroll of noise {unknown}
Potions
 a - a potion of lignification
 f - a potion of curing {unknown}
 h - a potion of mutation {unknown}
 k - a potion of enlightenment {unknown}
 l - a potion of degeneration {unknown}
 m - a potion of cancellation {unknown}


   Skills:
 + Level 1.8 Fighting
 + Level 2.1 Dodging
 + Level 3.2 Unarmed Combat
 + Level 3.2 Shapeshifting


You had one spell level left.
You didn't know any spells.
Your spell library was empty.

Dungeon Overview and Level Annotations

Branches:
Dungeon (2/15)

Altars:

Annotations:
D:2 Robin


Innate Abilities, Weirdness & Mutations

You are a hulking beast.
Your limbs bulge with bestial killing power. (Slay +1)
Your plain brown scales are hard. (AC +4)
You cannot fit into any form of body armour.
You are cold-blooded and may be slowed by cold attacks.


Message History

The goblin hits you with a club.
You hit the goblin.
The goblin is severely wounded.
A jackal comes into view.
The goblin hits you with a +0 club.
The hobgoblin hits you but does no damage.
You punch the goblin!
You kill the goblin!
You closely miss the hobgoblin. The hobgoblin misses you.
Robin barely misses you.
You hit the hobgoblin. You tail-slap the hobgoblin.
You kill the hobgoblin!
You barely miss Robin. Robin closely misses you.
You hit Robin.
Robin is lightly wounded.
A jackal comes into view.
The hobgoblin misses you. Robin misses you.
You hit Robin. You tail-slap Robin, but do no damage.
Robin is moderately wounded.
The hobgoblin closely misses you.
Robin roars a battlecry!
The goblins go into a battle-frenzy!
You hit Robin.
Robin is heavily wounded.
The hobgoblin hits you. Robin hits you with a +0 mace.
You hit Robin but do no damage.
Robin is heavily wounded.
The hobgoblin barely misses you. Robin hits you with a +0 mace.
You hit Robin but do no damage.
Robin is moderately wounded.
A jackal comes into view.
The hobgoblin barely misses you. Robin hits you with a +0 mace.
* * * LOW HITPOINT WARNING * * *
You hit Robin.
Robin is heavily wounded.
You hit Robin but do no damage.
Robin is heavily wounded.
Robin hits you with a +0 mace.
You die...
Robin lets out a smug laugh.

#...#...........#
###############.#
#.# #.# #.# #.#
#.# #.# #h#


..h.hggg# #####g### #. # You could see Robin, 2 jackals, 2 hobgoblins and a
goblin (strong).

Vanquished Creatures
  An endoplasm (D:1)
  A giant cockroach (D:1)
  4 goblins
  4 hobgoblins
  A quokka (D:2)
  A ball python (D:1)
  A bat (D:1)
  5 frilled lizards (D:1)
  3 kobolds (D:1)
  2 rats (D:1)
23 creatures vanquished.

Notes
Turn   | Place    | Note
-------+----------+-------------------------------------------
     0 | D:1      | subawu the Draconian Shapeshifter began the quest for the
                  | Orb.
     0 | D:1      | Reached XP level 1. HP: 16/16 MP: 1/1
   148 | D:1      | Found a faded altar of an unknown god.
   325 | D:1      | Reached XP level 2. HP: 18/23 MP: 2/2
  1024 | D:2      | Noticed Robin
  1040 | D:2      | Slain by Robin

Illustrated notes

Levels and vault maps discovered:
D:1:      lemuel_arrival_muddy, layout_loops_cross,
          hellmonk_ecumenical_altar_crossroads, patterned_corridor
D:2:      layout_basic, serial_corexii_hall, corexii_hall_statues_x,
          corexii_hall_statues_l, uniq_natasha, uniq_robin

Skill      XL: |  1 |
---------------+----+-----
Dodging        | 2 |  2.1
Fighting       | |  1.8
Unarmed Combat | |  3.2
Shapeshifting  | |  3.2

Action                     || total
---------------------------++-------
  Melee: Unarmed           ||    61
         Tailslap          ||     6
 Armour: Skin              ||    38
  Dodge: Dodged            ||    33

Table legend: (Time is in decaauts)
 A = Elapsed time spent in this place.
 B = Non-inter-level travel time spent in this place.
 C = Inter-level travel time spent in this place.
 D = Time resting spent in this place.
 E = Time spent auto-exploring this place.
 F = Levels seen in this place.
 G = Mean time per level.
                   A        B        C        D        E       F      G
               +--------+--------+--------+--------+--------+-----+--------+
         Total |   1039 |   1021 |     18 |      0 |    485 |   2 |  519.5 |
       Dungeon |   1039 |   1021 |     18 |      0 |    485 |   2 |  519.5 |
               +--------+--------+--------+--------+--------+-----+--------+

Top non-repeatable levels by time:
     D:1: 901 daAuts
     D:2: 138 daAuts
